 Dungeon Crawl Stone Soup version 0.29.1-14-g9c671dbff4 (webtiles) character file.

Game seed: 13223842662703459056

18788 tizbic2 the Cruncher (level 12, -5/122 (126) HPs)
             Began as an Ogre Artificer on Feb 15, 2023.
             Was a Priest of Kikubaaqudgha.
             Slain by an unseen horror (8 damage)
             ... on level 12 of the Dungeon.
             The game lasted 01:12:57 (19572 turns).

tizbic2 the Cruncher (Ogre Artificer)              Turns: 19572, Time: 01:12:57

HP:   -5/122 (126)  AC: 13    Str: 25    XL:     12   Next: 62%
MP:   22/23         EV: 14    Int: 13    God:    Kikubaaqudgha [***...]
Gold: 1312          SH:  0    Dex:  8    Spells: 4/26 levels left

rFire   . . .      SeeInvis .   w - staff of death
rCold   . . .      Faith    .   (no shield)
rNeg    + . .      Spirit   .   S - +3 troll leather armour {Snorg}
rPois   .          Reflect  .   (helmet restricted)
rElec   .          Harm     .   a - +0 cloak
rCorr   .          Rampage  .   (gloves unavailable)
Will    ++...                   (boots unavailable)
Stlth   +.........              (no amulet)
HPRegen 1.10/turn               i - +4 ring of protection
MPRegen 0.18/turn               R - +4 ring of evasion

@: lightly drained
A: large, unfitting armour, tough skin 1, hooves 1, strong-willed 1, strong 1
a: Renounce Religion, Unearth Wretches


You were on level 12 of the Dungeon.
You worshipped Kikubaaqudgha.
Kikubaaqudgha was most pleased with you.
You visited 2 branches of the dungeon, and saw 13 of its levels.
You also visited: Sewer.

You collected 1536 gold pieces.
You spent 224 gold pieces at shops.

Inventory:

Hand Weapons
 e - a +7 dagger of venom
 n - a +1 mace of protection
 s - a +1 mace of holy wrath
 t - a +1 vampiric hand axe
 E - the +0 mace "ETAOIN SHRDLU" {vorpal, rElec}
   (You found it on level 2 of the Dungeon)

   It inflicts extra damage upon your enemies.
   rElec:     It insulates you from electricity.
 F - a +2 whip of electrocution
 Q - a +2 spectral quarterstaff
Missiles
 h - 44 poisoned darts (quivered)
 r - 11 boomerangs
 M - 5 curare-tipped darts
 T - 3 throwing nets
Armour
 a - a +0 cloak (worn)
 j - the +2 robe of Akkealu {rC++ Str+4 Slay+3 Stlth+}
   (You acquired it on level 5 of the Dungeon)

   Str:       It affects your strength (+4).
   Slay:      It affects your accuracy & damage with ranged weapons and melee
   (+3).
   rC:        It greatly protects you from cold.
   Stlth:     It makes you more stealthy.
 B - a +2 robe of willpower
 I - an orb of wrath
 S - a +3 troll leather armour (worn) {Snorg}
Magical Staves
 w - a staff of death (weapon)
Jewellery
 i - a +4 ring of protection (left hand)
 O - a ring of wizardry
 R - a +4 ring of evasion (right hand)
Wands
 c - a wand of flame (49)
 d - a wand of charming (15)
 f - a wand of iceblast (7)
 o - a wand of polymorph (6)
 K - a wand of paralysis (5)
 L - a wand of digging (3)
Scrolls
 l - a scroll of teleportation
 p - 2 scrolls of vulnerability
 q - a scroll of amnesia
 u - 2 scrolls of fear
 v - a scroll of poison
 x - a scroll of enchant armour {unknown}
 y - 3 scrolls of butterflies
 G - 2 scrolls of torment
 H - a scroll of immolation {unknown}
 J - 2 scrolls of identify
 N - a scroll of noise
 P - a scroll of silence {unknown}
Potions
 b - 3 potions of might
 g - 4 potions of brilliance
 k - a potion of flight
 C - 4 potions of lignification
 D - a potion of magic {unknown}
 U - a potion of mutation


   Skills:
 + Level 10.2 Fighting
 * Level 11.0 Staves
 + Level 6.4 Dodging
 - Level 0.6 Stealth
 + Level 7.8 Spellcasting
 - Level 1.8 Conjurations
 * Level 8.9 Necromancy
 - Level 4.0 Translocations
 - Level 7.0 Evocations


You had 4 spell levels left.
You knew the following spells:

 Your Spells              Type           Power      Damage    Failure   Level
a - Blink                 Tloc           30%        N/A       4%          2
b - Necrotise             Necr           100%       1d9       1%          1
c - Sublimation of Blood  Necr           42%        N/A       1%          2
d - Animate Dead          Necr           42%        N/A       4%          4
e - Anguish               Hex/Necr       12%        N/A       26%         4
f - Dispel Undead         Necr           42%        3d17      4%          4
g - Agony                 Necr           42%        N/A       12%         5

Your spell library contained the following spells:

 Spells                   Type           Power      Damage    Failure   Level
 Magic Dart               Conj           36%        1d4       8%          1
 Lesser Beckoning         Tloc           15%        N/A       9%          3
 Searing Ray              Conj           18%        2d5       12%         2
 Fulminant Prism          Conj/Hex       3%         3d6       73%         4
 Petrify                  Tmut/Erth      5%         N/A       85%         4
 Death Channel            Necr           21%        N/A       54%         6
 Borgnjor's Vile Clutch   Necr/Erth      12%        N/A       58%         5
 Manifold Assault         Tloc           15%        N/A       63%         5
 Irradiate                Conj/Tmut      3%         3d12      97%         5
 Simulacrum               Ice/Necr       12%        N/A       99%         6
 Storm Form               Tmut/Air       2%         N/A       100%        7


Dungeon Overview and Level Annotations

Branches:
Dungeon (12/15)            Temple (1/1) D:6            Lair (0/5) D:10
    Orc (0/2) D:10          Sewer (visited)

Altars:
Ashenzari
Cheibriados
Dithmenos
Elyvilon
Fedhas
Gozag
Hepliaklqana
Kikubaaqudgha
Makhleb
Nemelex Xobeh
Okawaru
Qazlal
Ru
Sif Muna
Trog
Uskayaw
Vehumet
Wu Jian
Xom
Yredelemnul
Zin
The Shining One

Shops:
D:5 !   D:9 (

Annotations:
Temple 2 transporters


Innate Abilities, Weirdness & Mutations

You are too large for most types of armour.
You have tough skin. (AC +1)
You have large cloven feet.
You are strong-willed. (Will+)
Your muscles are strong. (Str +4, Int/Dex -1)


Message History

* * * LOW HITPOINT WARNING * * *
You feel less invigorated.
You feel less confused.
You are no longer on fire.
Something hits you but does no damage.
The deep elf pyromancer hits you but does no damage.
You closely miss the deep elf pyromancer.
The boulder beetle zombie barely misses you.
Something hits you but does no damage.
You hit the deep elf pyromancer but do no damage.
The deep elf pyromancer writhes in agony!
The deep elf pyromancer is moderately wounded.
Something hits you.
* * * LOW HITPOINT WARNING * * *
The deep elf pyromancer hits you but does no damage.
Something hits you but does no damage.
Unknown command.
You hit the deep elf pyromancer.
The deep elf pyromancer is heavily wounded.
Something hits you but does no damage.
The boulder beetle zombie bites you but does no damage.
The deep elf pyromancer points at you and mumbles some strange words.
The sticky flame hits you but does no damage.
You are covered in liquid flames!
You hit the deep elf pyromancer.
The deep elf pyromancer writhes in agony!
The deep elf pyromancer is severely wounded.
You are covered in liquid flames!
* * * LOW HITPOINT WARNING * * *
Something hits you but does no damage.
Unknown command.
You are no longer on fire.
Your magical effects are unravelling.
You feel magically purged.
Your magical contamination has completely faded away.
You feel less wooden.
Your +0 cloak unmelds from your body.
Your +3 troll leather armour {Snorg} unmelds from your body.
Something hits you!
You die...
Kikubaaqudgha rasps: "You have failed me!
Welcome... death!"

#..# #..# #...# #. #..#
#..# #○..# #. #..# #..#
#°..# #. #..# #..# #○e{#
#. #.[# #..# #E..# #.
#..# #..# #○☼.# #. #).#
#..# #§§.# #. #..# #.e#
#°°.# #. #..# #@{# #E.E#
#. #..# #.Z# #.ZZ# #.
#..# #..# #...# #. #..#
#..# #...# #. #..#
#..#######...# #. #..#
#............# #.
#..########............#
#.
#...........########...#
#. #####...........#
#...# #.


You could see a deep elf pyromancer and a boulder beetle zombie.

Vanquished Creatures
  The ghost of asti the Basher, a journeyman MiBe of Trog (D:10)
  A boulder beetle (D:12)
  Erica (D:11)
  3 two-headed ogres
  Pikel (D:6)
  Maurice (D:11)
  2 unseen horrors
  A gargoyle (D:11)
  Psyche (D:11)
  A komodo dragon (D:12)
  A troll (D:11)
  A hornet (D:9)
  3 wyverns
  14 yaks
  2 wraiths (D:10)
  A vampire (D:12)
  2 steam dragons
  3 vampire mosquitoes (D:12)
  A water moccasin (D:5)
  An acid dragon (D:11)
  Duvessa (D:5)
  3 orc warriors
  An ice beast (D:7)
  3 black bears (D:6)
  An ogre (D:6)
  A centaur (D:7)
  6 kobold brigands
  3 bullfrogs
  2 necrophages
  Blork the orc (D:4)
  A gnoll sergeant (D:6)
  4 scorpions
  5 wights (D:7)
  Dowan (D:5)
  2 killer bees
  An electric eel (D:8)
  4 howler monkeys
  A gnoll bouda (D:8)
  2 jellies
  13 orc priests
  3 hounds
  Terence (D:2)
  5 iguanas
  5 orc wizards
  Robin (D:2)
  12 gnolls
  2 river rats (Sewer)
  12 adders
  A shadow imp (D:6)
  5 white imps (D:11)
  An ufetubus (D:4)
  4 worms
  52 orcs
  10 endoplasms
  4 giant cockroaches
  18 goblins
  4 hobgoblins
  5 jackals (D:2)
  7 quokkas
  14 ball pythons
  7 bats
  2 frilled lizards
  32 kobolds
  4 rats
309 creatures vanquished.

Vanquished Creatures (collateral kills)
  Snorg (D:11)
  Harold (D:10)
  A hydra (D:12)
  Nergalle (D:11)
  A gargoyle (D:11)
  A troll (D:9)
  A wyvern (D:11)
  4 yaks (D:10)
  A wraith (D:9)
  A vampire mosquito (D:12)
  An acid dragon (D:9)
  An orc warrior (D:11)
  3 kobold brigands
  6 white imps (D:11)
  An orc (D:8)
  12 kobolds
37 creatures vanquished.

Vanquished Creatures (others)
  A two-headed ogre zombie (D:12)
  3 vampire mosquito zombies (D:12)
  A wyvern zombie (D:11)
  3 yak zombies (D:10)
  A killer bee (D:11)
  A bullfrog zombie (D:9)
  2 killer bee zombies (D:11)
  A white imp (D:11)
  An orc (D:11)
  A kobold (D:10)
  5 kobold zombies
  15 orc zombies
  7 plants (D:6)
42 creatures vanquished.

Grand Total: 388 creatures vanquished

Notes
Turn   | Place    | Note
-------+----------+-------------------------------------------
     0 | D:1      | tizbic2 the Ogre Artificer began the quest for the Orb.
     0 | D:1      | Reached XP level 1. HP: 19/19 MP: 1/1
   389 | D:1      | Reached skill level 1 in Staves
   389 | D:1      | Reached XP level 2. HP: 28/28 MP: 2/2
   884 | D:2      | Noticed Robin
  1331 | D:2      | Reached XP level 3. HP: 21/35 MP: 3/3
  1731 | D:2      | Reached skill level 2 in Staves
  2106 | D:2      | Reached XP level 4. HP: 44/44 MP: 4/4
  2136 | D:2      | Identified the +0 mace "ETAOIN SHRDLU" {vorpal, rElec}
  2358 | D:2      | Killed Robin
  2635 | D:2      | Noticed Terence
  2647 | D:2      | Killed Terence
  2648 | D:2      | Reached skill level 3 in Staves
  2648 | D:2      | Reached XP level 5. HP: 30/53 MP: 5/5
  2895 | D:3      | Found a white marble altar of Elyvilon.
  3165 | D:3      | Found a faded altar of an unknown god.
  3460 | D:3      | Found a blossoming altar of Fedhas.
  3836 | D:4      | Reached XP level 6. HP: 60/62 MP: 6/6
  3843 | D:4      | Found a glowing drain.
  3881 | Sewer    | Entered a sewer
  3896 | Sewer    | Reached skill level 4 in Staves
  3896 | Sewer    | Reached skill level 1 in Spellcasting
  4497 | D:4      | Reached XP level 7. HP: 65/71 MP: 9/9
  4509 | D:4      | Noticed Blork the orc
  4519 | D:4      | Killed Blork the orc
  4995 | D:4      | Gained mutation: Your magical capacity is low. (-10% MP)
                  | [potion of mutation]
  4995 | D:4      | Gained mutation: You are partially covered in iridescent
                  | scales. (AC +2) [potion of mutation]
  4995 | D:4      | Gained mutation: You do not regenerate when monsters are
                  | visible. [potion of mutation]
  4996 | D:4      | Lost mutation: You are partially covered in iridescent
                  | scales. (AC +2) [potion of mutation]
  4996 | D:4      | Lost mutation: Your magical capacity is low. (-10% MP)
                  | [potion of mutation]
  4996 | D:4      | Gained mutation: You occasionally shout uncontrollably at
                  | your foes. [potion of mutation]
  4996 | D:4      | Gained mutation: Your magical capacity is low. (-10% MP)
                  | [potion of mutation]
  4996 | D:4      | Gained mutation: You have large cloven feet. [potion of
                  | mutation]
  5001 | D:4      | Lost mutation: Your magical capacity is low. (-10% MP)
                  | [potion of mutation]
  5001 | D:4      | Lost mutation: You occasionally shout uncontrollably at
                  | your foes. [potion of mutation]
  5001 | D:4      | Lost mutation: You do not regenerate when monsters are
                  | visible. [potion of mutation]
  5001 | D:4      | Gained mutation: Your muscles are strong. (Str +4, Int/Dex
                  | -1) [potion of mutation]
  5001 | D:4      | Gained mutation: You are strong-willed. (Will+) [potion of
                  | mutation]
  5360 | D:5      | Entered Level 5 of the Dungeon
  5384 | D:5      | Reached skill level 5 in Staves
  5638 | D:5      | Reached skill level 8 in Staves
  5638 | D:5      | Reached skill level 5 in Spellcasting
  5638 | D:5      | Reached skill level 5 in Necromancy
  5638 | D:5      | Reached skill level 5 in Evocations
  5638 | D:5      | Reached XP level 8. HP: 87/87 MP: 10/15
  5640 | D:5      | Identified a scroll of acquirement
  5641 | D:5      | Acquired the +2 robe of Akkealu {rC++ Str+4 Slay+3 Stlth+}
  5731 | D:5      | Learned a level 1 spell: Magic Dart
  5977 | D:5      | Found Wazih's Distillery.
  6291 | D:5      | Noticed Duvessa
  6291 | D:5      | Noticed Dowan
  6301 | D:5      | Killed Duvessa
  6306 | D:5      | Killed Dowan
  6307 | D:5      | Reached XP level 9. HP: 75/93 MP: 17/17
  6911 | D:6      | Reached skill level 1 in Conjurations
  7028 | D:6      | Noticed Pikel
  7042 | D:6      | Killed Pikel
  7745 | D:6      | Reached XP level 10. HP: 92/104 MP: 18/18
  7764 | D:6      | Found a staircase to the Ecumenical Temple.
  7771 | Temple   | Entered the Ecumenical Temple
  7771 | Temple   | Found a transporter.
  7771 | Temple   | Found a transporter.
  7773 | Temple   | Found a transporter.
  7773 | Temple   | Found a transporter.
  7792 | Temple   | Became a worshipper of Kikubaaqudgha
  8105 | D:7      | Identified the +0 chain mail of Hadjma {MP+9 Dex+5 SInv
                  | Stlth+}
  9020 | D:7      | Reached skill level 9 in Staves
  9020 | D:7      | Reached skill level 5 in Dodging
  9648 | D:8      | Reached skill level 1 in Translocations
  9651 | D:8      | Reached * piety under Kikubaaqudgha
  9651 | D:8      | Received a gift from Kikubaaqudgha
  9679 | D:8      | Learned a level 1 spell: Necrotise
  9682 | D:8      | Learned a level 2 spell: Sublimation of Blood
  9687 | D:8      | Learned a level 4 spell: Animate Dead
  9692 | D:8      | Learned a level 4 spell: Anguish
 10289 | D:8      | Learned a level 2 spell: Blink
 10295 | D:8      | Found an ornate altar of the Wu Jian Council.
 11018 | D:9      | Paralysed by a hornet for 1 turns
 12024 | D:9      | Found Giajuc's Antique Weapon Boutique.
 12030 | D:9      | Bought a glowing quarterstaff for 224 gold pieces
 12522 | D:10     | Entered Level 10 of the Dungeon
 12547 | D:10     | Found a staircase to the Orcish Mines.
 13130 | D:10     | Reached ** piety under Kikubaaqudgha
 13131 | D:10     | Reached XP level 11. HP: 56/113 MP: 20/20
 13913 | D:10     | Found a staircase to the Lair.
 14333 | D:10     | Noticed a two-headed ogre
 14355 | D:10     | Killed a two-headed ogre
 14486 | D:10     | Found a runed translucent door.
 14486 | D:10     | Noticed asti's ghost (journeyman MiBe)
 14976 | D:10     | Reached skill level 10 in Staves
 15635 | D:10     | Noticed Harold
 15654 | D:10     | Killed Harold
 16276 | D:10     | Killed asti's ghost
 16518 | D:11     | Noticed a two-headed ogre
 16531 | D:11     | Noticed Snorg
 17414 | D:11     | Noticed Psyche
 17432 | D:11     | Killed Psyche
 17587 | D:11     | Killed a two-headed ogre
 17588 | D:11     | Reached XP level 12. HP: 50/124 MP: 17/22
 17732 | D:11     | Reached *** piety under Kikubaaqudgha
 17732 | D:11     | Received a gift from Kikubaaqudgha
 17740 | D:11     | Learned a level 4 spell: Dispel Undead
 17746 | D:11     | Learned a level 5 spell: Agony
 18277 | D:11     | Killed Snorg
 18338 | D:11     | Noticed Nergalle
 18357 | D:11     | Killed Nergalle
 18420 | D:11     | Noticed Erica
 18452 | D:11     | Killed Erica
 18585 | D:11     | Noticed Maurice
 18617 | D:11     | Killed Maurice
 18741 | D:11     | Found a hide-covered altar of Uskayaw.
 18823 | D:12     | Acquired 754 gold pieces
 18989 | D:12     | Reached skill level 10 in Fighting
 19106 | D:12     | Noticed a five-headed hydra
 19112 | D:12     | Killed a five-headed hydra
 19233 | D:12     | Noticed a boulder beetle
 19247 | D:12     | Killed a boulder beetle
 19267 | D:12     | Noticed a two-headed ogre
 19276 | D:12     | Killed a two-headed ogre
 19381 | D:12     | Reached skill level 11 in Staves
 19566 | D:12     | HP: 5/122 [burnt (6)]
 19571 | D:12     | HP: 3/183 [burnt (3)]
 19572 | D:12     | Slain by an unseen horror

Illustrated notes

Levels and vault maps discovered:
D:1:      dpeg_arrival_castle, layout_rooms
D:2:      layout_rooms, uniq_terence, uniq_robin
D:3:      layout_basic, elyvilon_altar_1, nicolae_overflow_hidden_temple,
          nicolae_ecumenical_snake_handling, corexii_hall_statues_l
D:4:      layout_loops_ring, gup_sewer_entry_pipe, uniq_blork_the_orc
D:5:      layout_basic, serial_shops, shop_statue, uniq_duvessa
D:6:      layout_basic, minmay_temple_entry_enclosed_plants, uniq_pikel
D:7:      layout_loops_ring
D:8:      layout_basic, nzn_wu_jian_council_hall, kennysheep_cross_bottleneck,
          minmay_hedge_maze
D:9:      layout_layer_cave, serial_shops, shop_statue, corexii_leaking_fountain
D:10:     layout_loops_ring, lair_entry_dummy, david_orc_5,
          gammafunk_ghost_grave, hangedman_decor_lopped, st_stairs_9,
          uniq_harold
D:11:     layout_basic, portal_ice_cave_entry_imps, st_stairs_6,
          nicolae_uskayaw_suspiria, uniq_psyche, uniq_erica, uniq_snorg,
          uniq_maurice, uniq_nergalle
D:12:     layout_long_grid, uniq_rupert
Temple:   hellmonk_temple_divided_pantheon

Skill      XL: |  1  2  3  4  5  6  7  8  9 10 11 12 |
---------------+-------------------------------------+-----
Staves         | 1 2 3 4 8 9 10 11 | 11.0
Fighting       | 2 3 4 7 8 9 10 | 10.2
Evocations     | 3 5 6 7 |  7.0
Spellcasting   | 1 5 6 7 |  7.8
Dodging        | 4 5 6 |  6.4
Necromancy     | 5 6 7 8 |  8.9
Conjurations   | 1 |  1.8
Translocations | 1 3 4 |  4.0
Stealth        | |  0.6

Action                   |  1- 3 |  4- 6 |  7- 9 | 10-12 || total
-------------------------+-------+-------+-------+-------++-------
Melee: Club              |    53 |       |       |       ||    53
       Whip              |    82 |    21 |       |       ||   103
       Mace              |     6 |    14 |    26 |    61 ||   107
       Dagger            |       |   149 |    39 |       ||   188
       Punch             |       |     3 |     2 |    11 ||    16
       Staff             |       |       |   160 |   478 ||   638
       Kick              |       |       |    43 |   194 ||   237
       Quarterstaff      |       |       |       |    22 ||    22
       Hand axe          |       |       |       |    22 ||    22
Throw: Dart              |     4 |     3 |    22 |     7 ||    36
       Boomerang         |       |       |     2 |       ||     2
 Cast: Magic Dart        |       |       |     5 |     4 ||     9
       Necrotise         |       |       |       |    35 ||    35
       Animate Dead      |       |       |       |    14 ||    14
       Blink             |       |       |       |     3 ||     3
       Sublimation of Bl |       |       |       |     1 ||     1
       Anguish           |       |       |       |     3 ||     3
       Agony             |       |       |       |     8 ||     8
       Dispel Undead     |       |       |       |     3 ||     3
Evoke: Wand              |    12 |     3 |     1 |       ||    16
  Use: Scroll            |     3 |     2 |     9 |    13 ||    27
       Potion            |     1 |     1 |     5 |    10 ||    17
 Stab: Sleeping          |     1 |     1 |       |     1 ||     3
       Distracted        |       |       |       |     3 ||     3
Armor: Robe              |    60 |    12 |    59 |   151 ||   282
       Animal skin       |       |    60 |    20 |       ||    80
       Troll leather arm |       |       |       |    79 ||    79
       Skin              |       |       |       |     9 ||     9
Dodge: Dodged            |    79 |    96 |   114 |   310 ||   599
